Map: 이터널 엠파이어 - 래더

Players

soO

  • Race: Zerg Zerg
  • Spawn Location: 7:00

Rogue - Winner!

  • Race: Zerg Zerg
  • Spawn Location: 1:00

Event: IEM Katowice 2020

VOD

Have the link to the VOD?

Description

Time

  • Played on: Feb. 27, 2020, 11:42 a.m.
  • Length: 7:55

All games in this series

Show
View Real Time Build Order
Export as new Build Order

soO Zerg 

Build Orders: Hatch First 

Get SALT Encoding   

  12  0:00  Drone  
  13  0:12  Overlord  
  13  0:16  Drone  
  14  0:30  Drone x2  
  16  0:47  Hatchery  
  15  0:50  Drone  
  15  0:54  Drone  
  17  0:57  Drone  
  18  1:07  Extractor  
  17  1:13  Spawning Pool  
  17  1:16  Drone  
  17  1:20  Drone  
  18  1:28  Drone  
  19  1:39  Drone  
  20  1:48  Overlord  
  20  1:59  Queen x2  
  20  2:00  Drone  
  20  2:01  Drone  
  26  2:10  Drone x2  
  26  2:11  Metabolic Boost  
  28  2:20  Drone  
  28  2:21  Drone  
  30  2:33  Hatchery  
  30  2:35  Drone  
  30  2:39  Drone  
  31  2:45  Queen  
  31  2:50  Overlord  
  33  2:53  Drone  
  33  2:58  Baneling Nest  
  33  2:59  Drone  
  33  3:02  Drone  
  36  3:05  Drone  
  36  3:11  Drone x3  
  39  3:15  Drone  
  39  3:16  Drone  
  39  3:19  Evolution Chamber  
  40  3:21  Zergling x2  
  40  3:24  Overlord  
  40  3:27  Drone  
  42  3:29  Zergling x2  
  42  3:31  Drone  
  44  3:43  Drone x4  
  44  3:45  Zerg Melee Weapons Level 1  
  44  3:46  Zergling x2  
  49  3:49  Drone x2  
  49  3:53  Extractor  
  49  3:55  Drone x2  
  51  3:57  Drone  
  51  3:58  Lair  
  53  4:03  Drone  
  53  4:05  Drone  
  53  4:07  Drone x2  
  53  4:08  Extractor  
  53  4:09  Extractor  
  55  4:14  Drone  
  56  4:18  Drone  
  56  4:19  Drone  
  56  4:20  Overlord  
  56  4:22  Overlord  
  56  4:23  Overlord  
  57  4:26  Overlord  
  57  4:33  Drone  
  57  4:36  Roach Warren  
  57  4:37  Drone  
  58  4:38  Drone x3  
  58  4:39  Drone x3  
  58  4:41  Zergling x2  
  65  4:45  Drone  
  65  4:46  Drone  
  65  4:50  Drone x3  
  65  4:51  Extractor x2, Drone  
  69  4:57  Spire  
  68  5:02  Drone x3  
  68  5:03  Drone  
  68  5:06  Zergling x4  
  74  5:08  Baneling x2  
  74  5:10  Overlord  
  74  5:13  Overlord  
  74  5:17  Zergling x8  
  77  5:37  Zergling x6, Hatchery  
  79  5:46  Overlord  
  79  5:49  Zergling x14  
  86  5:50  Spine Crawler x2  
  86  5:53  Roach x3  
  88  6:08  Mutalisk x7  
  102  6:14  Mutalisk x4  
  102  6:16  Mutalisk  
  109  6:18  Zergling x2  
  109  6:23  Mutalisk  
  103  6:28  Mutalisk  
  103  6:29  Zergling x2  
  97  6:33  Zergling x2  
  97  6:35  Zergling x2  
  97  6:36  Zergling x4  
  97  6:38  Zergling x2  
  83  6:40  Zergling x2  
  83  6:46  Mutalisk  
  82  6:48  Queen, Mutalisk  
  82  6:50  Mutalisk  
  85  6:59  Zergling x2  
  85  7:00  Zergling x4  
  76  7:08  Zergling x2  
  72  7:10  Zergling x2  
  72  7:11  Zergling x2  
  64  7:17  Zergling x2  
  64  7:22  Zergling x4  
  57  7:32  Zergling x4  
  56  7:37  Zergling x2  
Show
View Real Time Build Order
Export as new Build Order

Rogue Zerg - Winner!

Build Orders: Hatch First 

Get SALT Encoding   

  12  0:00  Drone  
  13  0:12  Overlord  
  13  0:17  Drone  
  14  0:31  Drone x2  
  16  0:49  Hatchery  
  15  0:51  Drone  
  15  0:55  Drone  
  17  0:58  Drone  
  18  1:09  Extractor  
  17  1:13  Spawning Pool  
  17  1:16  Drone  
  17  1:20  Drone  
  18  1:28  Drone  
  19  1:39  Drone  
  20  1:49  Drone  
  21  2:00  Queen x2  
  25  2:01  Drone, Overlord  
  26  2:12  Drone x2, Metabolic Boost  
  28  2:22  Drone x2  
  30  2:34  Hatchery  
  29  2:38  Drone x2  
  31  2:44  Queen  
  31  2:47  Drone  
  34  2:53  Baneling Nest  
  34  2:55  Overlord  
  33  2:59  Drone  
  33  3:01  Zergling x2  
  33  3:05  Zergling x2  
  36  3:13  Drone x2  
  36  3:14  Drone x2  
  36  3:15  Drone x2  
  36  3:19  Overlord  
  42  3:24  Drone x2  
  44  3:43  Drone x5, Evolution Chamber  
  44  3:44  Lair  
  44  3:46  Drone  
  49  3:49  Zergling x2  
  49  3:50  Zergling x2  
  49  3:52  Overlord  
  49  3:54  Drone  
  49  3:55  Drone  
  53  3:59  Drone  
  53  4:00  Drone  
  53  4:02  Drone  
  56  4:07  Extractor  
  56  4:08  Roach Warren, Zerg Missile Weapons Level 1  
  53  4:12  Extractor x2  
  53  4:13  Drone  
  53  4:14  Drone  
  53  4:18  Overlord  
  53  4:19  Drone  
  53  4:20  Drone x2  
  53  4:21  Drone  
  53  4:22  Drone  
  59  4:25  Drone x2  
  59  4:28  Drone x2  
  63  4:32  Overlord  
  63  4:37  Extractor, Drone x2  
  63  4:38  Extractor  
  63  4:39  Overlord  
  63  4:47  Glial Reconstitution  
  63  4:49  Overlord  
  63  4:50  Drone x2  
  65  5:01  Roach  
  65  5:02  Roach x7  
  81  5:11  Roach x4  
  89  5:16  Overlord  
  89  5:18  Overlord  
  89  5:25  Nydus Network  
  89  5:26  Roach x3  
  94  5:31  Roach x2  
  94  5:33  Overlord  
  98  5:39  Roach x4  
  98  5:42  Overseer  
  106  5:43  Overlord  
  106  5:46  Roach  
  106  5:47  Roach  
  106  5:49  Roach  
  112  5:55  Roach x3  
  119  5:57  Roach  
  119  6:01  Nydus Canal  
  119  6:03  Roach x2  
  122  6:07  Roach  
  126  6:11  Roach x2  
  126  6:12  Overlord  
  125  6:18  Roach  
  125  6:19  Roach  
  123  6:29  Nydus Canal  
  123  6:30  Roach  
  123  6:32  Roach x3  
  131  6:33  Roach x3, Overlord  
  131  6:38  Spore Crawler  
  131  6:39  Spore Crawler  
  125  6:41  Roach x2  
  125  6:42  Roach  
  123  6:47  Spore Crawler, Nydus Canal  
  123  6:49  Roach  
  123  6:51  Roach  
  123  6:52  Roach  
  124  6:58  Roach x2  
  114  7:05  Roach x3, Queen  
  106  7:11  Roach x3  
  102  7:16  Drone x2  
  94  7:27  Spore Crawler x3, Roach x3  
  89  7:31  Roach  
  89  7:32  Roach  
  89  7:41  Spore Crawler  

Tags
 
Add a new tag
Caveats
  • Supply blocks, unpowered buildings, or Contaminate may cause inaccurate times.
  • Supply counts are checked every 10 seconds.